 Dungeon Crawl Stone Soup version 0.21-a0-349-g0c35859 (webtiles) character file.

26467 theanonym the Warrior (level 12, -13/127 HPs)
             Began as a Minotaur Berserker on Oct 8, 2017.
             Was a High Priest of Trog.
             Mangled by a two-headed ogre
             ... wielding a +0 giant spiked club
              (17 damage)
             ... on level 12 of the Dungeon.
             The game lasted 00:55:29 (14838 turns).

theanonym the Warrior (Minotaur Berserker)         Turns: 14838, Time: 00:55:30

Health: -13/127    AC: 23    Str: 26    XL:     12   Next: 98%
Magic:  11/11      EV: 12    Int:  4    God:    Trog [*****.]
Gold:   533        SH:  5    Dex: 14    Spells: 11/11 levels left

rFire    + . .     SeeInvis .   Z - +0 morningstar
rCold    + . .     Gourm    .   H - +0 buckler
rNeg     . . .     Faith    .   R - quicksilver dragon scales
rPois    .         Spirit   .   (helmet restricted)
rElec    .         Reflect  .   L - +2 cloak {MR+}
rCorr    .         Harm     .   O - +2 pair of gloves {Dex+3}
MR       ++...                  B - +0 pair of boots
Stlth    +.........             (no amulet)
HPRegen  0.31/turn              j - ring of protection from fire {rF+, !d}
MPRegen  0.12/turn              x - ring of protection from cold {rC+, !d}

@: berserk cooldown, flying, slowed, very slow
A: retaliatory headbutt, horns 2
a: Berserk, Trog's Hand, Brothers in Arms, Burn Spellbooks, Renounce Religion


You were on level 12 of the Dungeon.
You worshipped Trog.
Trog was extremely pleased with you.
You were not hungry.

You visited 3 branches of the dungeon, and saw 15 of its levels.

You collected 857 gold pieces.
You spent 324 gold pieces at shops.

Inventory:

Hand Weapons
 t - a +0 whip
   (You took it off an orc on level 5 of the Dungeon)
 Z - a +0 morningstar (weapon)
   (You took it off a gargoyle on level 12 of the Dungeon)
Missiles
 S - 4 tomahawks (quivered)
 X - 4 throwing nets {=f, !d}
Armour
 B - a +0 pair of boots (worn)
   (You found it on level 5 of the Dungeon)
 C - a +0 leather armour of poison resistance
   (You took it off an orc on level 6 of the Dungeon)
 G - a +0 plate armour
   (You found it on level 7 of the Dungeon)
 H - a +0 buckler (worn)
   (You found it on level 12 of the Dungeon)
 L - a +2 cloak of magic resistance (worn)
   (You found it on level 11 of the Dungeon)
 O - a +2 pair of gloves of dexterity (worn)
   (You bought it in a shop on level 11 of the Dungeon)
 R - quicksilver dragon scales (worn)
   (You found it on level 11 of the Dungeon)
Jewellery
 j - a ring of protection from fire (left hand) {rF+, !d}
   (You found it on level 1 of the Dungeon)
 x - a ring of protection from cold (right hand) {rC+, !d}
   (You found it on level 4 of the Dungeon)
Wands
 a - a wand of scattershot (5/9)
   (You found it on level 7 of the Dungeon)
 y - a wand of iceblast (4/15)
   (You found it on level 5 of the Dungeon)
 I - a wand of flame (25/48)
   (You found it on level 8 of the Dungeon)
 J - a wand of disintegration (15/24)
   (You took it off a wight on level 8 of the Dungeon)
 N - a wand of disintegration (8/24)
   (You found it on level 9 of the Dungeon)
 U - a wand of acid (9/15)
   (You found it on level 12 of the Dungeon)
 Y - a wand of confusion (27/48)
   (You found it on level 13 of the Dungeon)
Scrolls
 e - 5 scrolls of fog {unknown}
 i - 3 scrolls of enchant armour {unknown}
 l - a scroll of noise {unknown}
 m - 3 scrolls of enchant weapon {unknown}
 s - 3 scrolls of blinking {unknown}
 u - 7 scrolls of remove curse
 v - 3 scrolls of magic mapping {unknown}
 w - 2 scrolls of recharging {unknown}
 D - 8 scrolls of teleportation {unknown}
 F - 2 scrolls of random uselessness {unknown}
 T - a scroll of vulnerability {unknown}
Potions
 b - a potion of cancellation {unknown}
 f - 2 potions of degeneration {unknown}
 g - 2 potions of flight
 h - 3 potions of curing
 n - 2 potions of might {unknown}
 r - 3 potions of heal wounds
 z - 3 potions of lignification {unknown}
 A - a potion of berserk rage {unknown}
 M - a potion of magic {unknown}
 Q - a potion of brilliance {unknown}
 W - a potion of ambrosia
Books
 K - a book of Air
   (You found it on level 10 of the Dungeon)
 P - a book of Ice
   (You found it on level 11 of the Dungeon)
 V - a book of Necromancy
   (You found it on level 12 of the Dungeon)
Miscellaneous
 q - a fan of gales
   (You found it on level 10 of the Dungeon)
Comestibles
 c - 8 bread rations {@e1}
 d - 4 royal jellies
 k - a chunk of flesh {@w0}
 E - 5 fruits


   Skills:
 + Level 18.0 Fighting
 - Level 12.0 Maces & Flails
 + Level 13.1 Armour
 - Level 2.1 Dodging
 - Level 4.4 Shields


You had 11 spell levels left.
You didn't know any spells.

Dungeon Overview and Level Annotations

Branches:
Dungeon (13/15)            Temple (1/1) D:4            Lair (0/6) D:9
    Orc (1/2) D:12
 Vaults: D:13-14

Altars:
Ashenzari
Fedhas
Gozag
Kikubaaqudgha
Okawaru
Qazlal
Uskayaw
Vehumet
Xom
The Shining One

Shops:
D:5 }   D:6 }   D:7 *%}=}   D:10 !   D:11 ([   D:12 %

Annotations:
D:6 exclusions: electric eel and 1 more exclusion
D:9 2 transporters


Innate Abilities, Weirdness & Mutations

You reflexively headbutt those who attack you in melee.
You have a pair of horns on your head.


Message History

You puncture the two-headed ogre!
You kill the two-headed ogre!
Trog accepts your kill. Something appears at your feet!
Trog grants you a weapon! You block the two-headed ogre's attack.
The two-headed ogre hits you but does no damage.
You puncture the ogre!
Your skin stops crawling.
You feel less resistant to hostile enchantments.
You thump the ogre! Your headbutt misses the ogre. You block the ogre's attack.
You puncture the ogre!
You kill the ogre!
Trog accepts your kill.
You are no longer berserk.
You are exhausted.
You feel yourself slow down.
The two-headed ogre hits you with a giant spiked club!!
The two-headed ogre closely misses you.
You now have 80/127 hp.
The two-headed ogre barely misses you. You furiously retaliate!
You headbutt the two-headed ogre. The two-headed ogre closely misses you.
There is a staircase back to the Dungeon here.
The two-headed ogre hits you with a giant spiked club.
You block the two-headed ogre's attack.
The two-headed ogre hits you with a dire flail!
The two-headed ogre hits you with a giant spiked club!
You climb upwards.
Welcome back to the Dungeon!
There is a staircase to the Orcish Mines here.
You take 25 damage, and have 56/127 hp.
Your skin crawls.
You feel resistant to hostile enchantments.
You feel somewhat more hungry. You block the two-headed ogre's attack.
The two-headed ogre hits you with a giant spiked club!
The two-headed ogre closely misses you.
The two-headed ogre hits you but does no damage.
You take 6 damage, and have 50/127 hp.
You thump the two-headed ogre!
You headbutt the two-headed ogre, but do no damage.
The two-headed ogre hits you but does no damage. x2
The two-headed ogre hits you with a giant spiked club!
The two-headed ogre barely misses you.
You take 7 damage, and have 43/127 hp.
You impale the two-headed ogre!! The two-headed ogre misses you.
You furiously retaliate!
You headbutt the two-headed ogre! You block the two-headed ogre's attack.
The two-headed ogre hits you but does no damage.
You block the two-headed ogre's attack.
You regained 2 hp, and now have 45/127 hp.
You puncture the two-headed ogre!
Your headbutt misses the two-headed ogre.
You feel the effects of Trog's Hand fading.
The two-headed ogre hits you but does no damage.
The two-headed ogre hits you with a giant spiked club.
The two-headed ogre closely misses you. The two-headed ogre barely misses you.
You take 4 damage, and have 41/127 hp.
You puncture the two-headed ogre!
You headbutt the two-headed ogre, but do no damage.
The two-headed ogre hits you with a dire flail!
* * * LOW HITPOINT WARNING * * *
The two-headed ogre hits you with a giant spiked club!
* * * LOW HITPOINT WARNING * * *
You block the two-headed ogre's attack.
The two-headed ogre hits you but does no damage.
You take 14 damage, and have 27/127 hp.
You regained 2 hp, and now have 29/127 hp.
The two-headed ogre misses you. You furiously retaliate!
You headbutt the two-headed ogre!!
The two-headed ogre hits you but does no damage.
The two-headed ogre hits you with a dire flail!
* * * LOW HITPOINT WARNING * * *
The two-headed ogre closely misses you.
You take 6 damage, and have 23/127 hp.
Okay, then.
You feel very buoyant.
You fly up into the air.
Your skin stops crawling.
You feel less resistant to hostile enchantments.
The two-headed ogre hits you but does no damage.
The two-headed ogre hits you with a dire flail.
* * * LOW HITPOINT WARNING * * *
The two-headed ogre hits you but does no damage. x2
You take 1 damage, and have 22/127 hp.
You feel much better.
The two-headed ogre hits you with a giant spiked club!
* * * LOW HITPOINT WARNING * * *
The two-headed ogre hits you with a dire flail!
* * * LOW HITPOINT WARNING * * *
The two-headed ogre hits you but does no damage. x2
The two-headed ogre hits you with a giant spiked club!
* * * LOW HITPOINT WARNING * * *
The two-headed ogre hits you with a dire flail.
* * * LOW HITPOINT WARNING * * *
You take 18 damage, and have 4/127 hp.
You puncture the two-headed ogre!
You kill the two-headed ogre!
Trog accepts your kill.
Your Fighting skill increases to level 18!
The two-headed ogre hits you with a giant spiked club!
You die...

#.#####<..##................##
#.# #...##..#..##..#####...###
#.# #...###..............#...#
#.#####...# #...####..####...#.#
...>......####..#####.## ##.##.#
#.######...............####.##.#
#># #.#...................#.# #.#
#.#..###..##.#..####..#.# #.#
#.#..# #.@).....# #..#.# #.#
#.#..# #.O......# #..#.# #.#
####.#..###...>....####..#.#
..###.##.#...##..............#.#
..##..........##...##..#..##.#.##
..###.##.......#.#..#...#.##....#
..###.#.............#.#8#..###..#
......#...........#...#.##.# #..#
..#####..............8.∩.8.# #..#


You could see a two-headed ogre.

Vanquished Creatures
  An ogre mage (Orc:1)
  Harold (D:12)
  6 two-headed ogres
  4 skeletal warriors (D:12)
  2 unseen horrors
  A flayed ghost (D:11)
  A cyclops (D:12)
  2 ugly things (D:11)
  A deep elf mage (D:10)
  2 centaur zombies
  2 gargoyles
  5 centaur skeletons
  A queen bee (shapeshifter) (D:11)
  2 trolls
  A hornet (D:10)
  4 hippogriffs
  A spriggan (D:7)
  2 wyverns
  21 yaks
  A basilisk (D:10)
  A hog (D:9)
  3 hungry ghosts
  3 wargs (D:12)
  A soldier ant (D:11)
  2 water moccasins
  A swamp drake (shapeshifter) (D:5)
  3 sky beasts
  4 orc warriors
  A phantom (D:7)
  5 ice beasts
  2 necrophages (D:11)
  9 ogres
  A wolf (D:5)
  8 centaurs
  6 bullfrogs
  3 big kobolds
  5 scorpions
  A scorpion (shapeshifter) (D:11)
  9 wights
  5 killer bees
  4 howler monkeys
  6 crimson imps
  2 bullfrog zombies
  A bullfrog skeleton (D:5)
  7 orc priests
  A gnoll shaman (D:5)
  Crazy Yiuf (D:2)
  8 hounds
  4 jellies
  9 worker ants
  6 iguanas
  10 orc wizards
  4 hound zombies
  2 hound skeletons
  2 worker ant zombies
  4 gnolls (D:5)
  14 adders
  3 shadow imps
  A worm (D:3)
  2 adder skeletons (D:4)
  4 dart slugs
  5 leopard geckos
  58 orcs
  4 giant cockroaches
  3 goblins
  5 hobgoblins
  15 jackals
  6 quokkas
  3 ball pythons
  7 bats
  6 frilled lizards
  37 kobolds
  A leopard gecko skeleton (D:2)
  A quokka zombie (D:5)
  14 rats
  2 plants (D:7)
396 creatures vanquished.

Vanquished Creatures (collateral kills)
  A two-headed ogre (D:11)
  A kobold (D:7)
2 creatures vanquished.

Grand Total: 398 creatures vanquished

Notes
Turn   | Place    | Note
-------+----------+-------------------------------------------
     0 | D:1      | theanonym the Minotaur Berserker began the quest for the Orb.
     0 | D:1      | Reached XP level 1. HP: 19/19 MP: 0/0
   220 | D:1      | Reached skill level 4 in Maces & Flails
   220 | D:1      | Reached XP level 2. HP: 17/27 MP: 1/1
   386 | D:1      | Reached skill level 4 in Fighting
   947 | D:2      | Found a stormy altar of Qazlal.
   948 | D:2      | Found a blossoming altar of Fedhas.
   953 | D:2      | Reached XP level 3. HP: 33/33 MP: 2/2
   966 | D:2      | Found a runed door.
  1084 | D:2      | Reached ** piety under Trog
  1175 | D:2      | Noticed an ogre
  1183 | D:2      | Killed an ogre
  1183 | D:2      | Reached skill level 5 in Maces & Flails
  1183 | D:2      | Reached XP level 4. HP: 22/41 MP: 3/3
  1359 | D:2      | Reached skill level 5 in Fighting
  1359 | D:2      | Reached XP level 5. HP: 44/48 MP: 4/4
  1372 | D:2      | Found a glowing golden altar of the Shining One.
  1528 | D:2      | Found a shattered altar of Ashenzari.
  1827 | D:2      | Noticed Crazy Yiuf
  1831 | D:2      | Killed Crazy Yiuf
  1831 | D:2      | Reached skill level 6 in Maces & Flails
  1831 | D:2      | Reached skill level 3 in Armour
  2902 | D:4      | Found a staircase to the Ecumenical Temple.
  2911 | Temple   | Entered the Ecumenical Temple
  3579 | D:5      | Entered Level 5 of the Dungeon
  3664 | D:5      | Noticed a centaur
  3674 | D:5      | Killed a centaur
  3674 | D:5      | Reached skill level 7 in Maces & Flails
  3674 | D:5      | Reached XP level 6. HP: 32/56 MP: 5/5
  3838 | D:5      | Reached *** piety under Trog
  3838 | D:5      | Reached skill level 6 in Fighting
  3946 | D:5      | Noticed a swamp drake
  3946 | D:5      | a howler monkey changed into a swamp drake
  3947 | D:5      | Killed a swamp drake
  3947 | D:5      | Reached skill level 8 in Maces & Flails
  3947 | D:5      | Reached XP level 7. HP: 41/63 MP: 6/6
  4579 | D:5      | Reached skill level 7 in Fighting
  4579 | D:5      | Reached skill level 9 in Maces & Flails
  4819 | D:5      | Found Cefragg's Gadget Shop.
  5157 | D:6      | Found a radiant altar of Vehumet.
  5174 | D:6      | Reached XP level 8. HP: 65/73 MP: 7/7
  5400 | D:6      | Reached skill level 8 in Fighting
  5416 | D:6      | Reached skill level 10 in Maces & Flails
  5547 | D:6      | Found an opulent altar of Gozag.
  5574 | D:6      | Reached skill level 4 in Armour
  5763 | D:6      | Found Foxkagre's Gadget Shop.
  6426 | D:7      | Killed an unseen horror
  6426 | D:7      | Reached skill level 9 in Fighting
  6426 | D:7      | Reached skill level 5 in Armour
  6426 | D:7      | Reached XP level 9. HP: 50/84 MP: 8/8
  6581 | D:7      | Found Padakk's Assorted Antiques.
  6589 | D:7      | Bought a scroll of identify for 60 gold pieces
  6777 | D:7      | Found Pezel's Food Boutique.
  6807 | D:7      | Found Ogreth Zusa's Gadget Boutique.
  6840 | D:7      | Found Fuyzujih's Gadget Boutique.
  7045 | D:7      | Reached skill level 10 in Fighting
  7073 | D:7      | Reached **** piety under Trog
  7178 | D:7      | Reached skill level 11 in Maces & Flails
  7178 | D:7      | Reached skill level 6 in Armour
  7194 | D:7      | Found Egiyf's Jewellery Emporium.
  8052 | D:8      | Noticed a two-headed ogre
  8063 | D:8      | HP: 29/129 [something (4)]
  8064 | D:8      | Killed a two-headed ogre
  8064 | D:8      | Reached skill level 11 in Fighting
  8064 | D:8      | Reached skill level 7 in Armour
  8392 | D:8      | Reached XP level 10. HP: 50/96 MP: 9/9
  8402 | D:8      | Reached skill level 8 in Armour
  8546 | D:8      | Found an iron altar of Okawaru.
  9326 | D:9      | Reached skill level 12 in Fighting
  9507 | D:9      | Reached skill level 9 in Armour
  9661 | D:9      | Found a transporter.
  9662 | D:9      | Noticed a two-headed ogre
  9665 | D:9      | Noticed a centaur warrior
  9678 | D:9      | Found an opulent altar of Gozag.
  9685 | D:9      | Found a hide-covered altar of Uskayaw.
  9942 | D:9      | Found a staircase to the Lair.
  9991 | D:9      | Reached skill level 10 in Armour
 10063 | D:9      | Found an ancient bone altar of Kikubaaqudgha.
 10109 | D:9      | Found a transporter.
 10130 | D:9      | Found a glowing golden altar of the Shining One.
 10176 | D:10     | Entered Level 10 of the Dungeon
 10251 | D:10     | Noticed a gargoyle
 10351 | D:10     | Killed a gargoyle
 10351 | D:10     | Reached skill level 13 in Fighting
 10509 | D:10     | Reached ***** piety under Trog
 10509 | D:10     | Reached XP level 11. HP: 78/107 MP: 10/10
 10698 | D:10     | Found Cargh's Distillery.
 10832 | D:10     | Bought a potion of curing for 39 gold pieces
 10900 | D:10     | Killed an unseen horror
 11196 | D:10     | Reached skill level 11 in Armour
 11414 | D:10     | Noticed a deep elf mage
 11419 | D:10     | Killed a deep elf mage
 11419 | D:10     | Reached skill level 12 in Maces & Flails
 11450 | D:11     | Noticed a white ugly thing
 11552 | D:11     | Killed a white ugly thing
 11552 | D:11     | Reached skill level 14 in Fighting
 11690 | D:11     | Noticed a two-headed ogre
 11705 | D:11     | Killed a two-headed ogre
 11752 | D:11     | Found Nomneebb's Weapon Boutique.
 11770 | D:11     | Noticed a green ugly thing
 11781 | D:11     | Killed a green ugly thing
 12038 | D:11     | Reached skill level 15 in Fighting
 12043 | D:11     | Found Pateovac's Antique Armour Boutique.
 12060 | D:11     | Bought a pair of embroidered gloves for 225 gold pieces
 12138 | D:11     | Reached skill level 12 in Armour
 12265 | D:11     | Noticed a two-headed ogre
 12272 | D:11     | Killed a two-headed ogre
 12386 | D:11     | Found a runed door.
 12547 | D:11     | Noticed a flayed ghost
 12547 | D:11     | Noticed a two-headed ogre
 12559 | D:11     | Killed a flayed ghost
 12562 | D:11     | Reached XP level 12. HP: 122/122 MP: 11/11
 12571 | D:11     | Killed a two-headed ogre
 12798 | D:12     | Reached skill level 16 in Fighting
 13036 | D:12     | Found a staircase to the Orcish Mines.
 13037 | D:12     | Found Paladd's Food Boutique.
 13143 | D:12     | Reached skill level 1 in Shields
 13308 | D:12     | Noticed Harold
 13331 | D:12     | Killed Harold
 13331 | D:12     | Reached skill level 3 in Shields
 13399 | D:12     | Reached skill level 4 in Shields
 13436 | D:12     | Reached skill level 17 in Fighting
 13919 | D:13     | Found a shattered altar of Ashenzari.
 14594 | Orc:1    | Entered Level 1 of the Orcish Mines
 14782 | Orc:1    | Noticed a two-headed ogre
 14803 | Orc:1    | Noticed an ogre mage
 14804 | Orc:1    | Noticed a two-headed ogre
 14811 | Orc:1    | Noticed a two-headed ogre
 14811 | Orc:1    | Noticed a two-headed ogre
 14814 | Orc:1    | Killed an ogre mage
 14814 | Orc:1    | Reached skill level 13 in Armour
 14818 | Orc:1    | Killed a two-headed ogre
 14822 | Orc:1    | Killed a two-headed ogre
 14822 | Orc:1    | Received a gift from Trog
 14833 | D:12     | HP: 27/127 [two-headed ogre/dire flail (9)]
 14837 | D:12     | HP: 9/127 [two-headed ogre/giant spiked club (8)]
 14837 | D:12     | HP: 4/127 [two-headed ogre/giant spiked club (5)]
 14838 | D:12     | Killed a two-headed ogre
 14838 | D:12     | Reached skill level 18 in Fighting
 14838 | D:12     | Mangled by a two-headed ogre

Vault maps used:
D:1:      minmay_arrival_glassed_features
D:2:      grunt_temple_overflow_forces_of_nature,
          nicolae_overflow_crystal_walls, nicolae_overflow_hidden_temple,
          minmay_misc_feat_plants, uniq_crazy_yiuf_cottage
D:3:      grunt_ministairs_15, st_stairs_8
D:4:      lemuel_temple_firewalk_b, first_bread
D:5:      cheibrodos_helix_gallery, serial_shops, kennysheep_mini,
          corexii_checkpoint_a, serial_bayou_crossing
D:6:      old_standard_altar, serial_shops, shop, nrook_pool_corridor,
          grunt_gozag_statues
D:7:      kennysheep_kobold_camp, serial_shops, nicolae_shop_crystal,
          nicolae_shop_statue_plus, nicolae_shop_statue_plus,
          kennysheep_little_box, shop, kennysheep_small_spiral, st_stairs_12,
          the_bakery
D:8:      okawaru_metal_pillars_3
D:9:      gammafunk_temple_overflow_arena, dpeg_oklobed_lair, basic_altar
D:10:     serial_shops, shop
D:11:     serial_undead, serial_undead_c, serial_undead_f, serial_undead_e,
          serial_undead_b, serial_shops, shop, shop, minmay_st_funbox
D:12:     minmay_orc_entry_guard_dogs, serial_shops, nicolae_shop_statue_plus,
          minmay_misc_feat_alley, uniq_harold
D:13:     nicolae_ashenzari_panopticon
Temple:   nicolae_temple_figure_eight
Orc:1:    serial_shops, nicolae_shop_overgrown_old_shop, basic_altar,
          trog_hazing_becter, uniq_erolcha, uniq_josephine, uniq_snorg

Skill      XL: |  1  2  3  4  5  6  7  8  9 10 11 12 |
---------------+-------------------------------------+-----
Maces & Flails | 4 5 7 8 9 10 11 12 | 12.0
Fighting       | 4 5 6 7 9 11 13 15 18 | 18.0
Armour         | 3 5 7 10 12 13 | 13.1
Shields        | 4 |  4.4
Dodging        | |  2.1

Action                   |  1- 3 |  4- 6 |  7- 9 | 10-12 || total
-------------------------+-------+-------+-------+-------++-------
Melee: Mace              |    51 |    24 |       |       ||    75
       Headbutt          |     7 |    16 |    52 |   199 ||   274
       Quarterstaff      |       |    70 |   246 |   375 ||   691
       Whip              |       |       |       |   187 ||   187
       Lajatang          |       |       |       |    53 ||    53
       Morningstar       |       |       |       |    37 ||    37
Invok: Berserk           |     1 |     1 |     4 |    10 ||    16
       Trog's Hand       |       |     2 |     5 |    19 ||    26
       Burn Spellbooks   |       |       |       |     2 ||     2
       Brothers in Arms  |       |       |       |     1 ||     1
Evoke: Wand              |       |       |       |     5 ||     5
  Use: Scroll            |     1 |     2 |     2 |     6 ||    11
       Potion            |       |       |       |     2 ||     2
 Stab: Paralysed         |       |       |     2 |     7 ||     9
       Confused          |       |       |     1 |     2 ||     3
       Petrifying        |       |       |       |     2 ||     2
       Petrified         |       |       |       |     1 ||     1
  Eat: Chunk             |     2 |    10 |    11 |    20 ||    43
       Meat ration       |       |       |     2 |     4 ||     6
Armor: Animal skin       |     8 |    19 |    15 |       ||    42
       Ring mail         |       |       |     8 |       ||     8
       Leather armour    |       |       |    39 |   119 ||   158
       Quicksilver drago |       |       |       |    91 ||    91
       Plate armour      |       |       |       |     5 ||     5
Dodge: Dodged            |    37 |    61 |   167 |   290 ||   555
Block: Shield            |     8 |     4 |       |       ||    12
       Buckler           |       |       |       |    23 ||    23

Table legend:
 A = Spawn XP
 B = Non-spawn XP
 C = Spawn XP percentage of total XP
 D = Spawn monster count
 E = Non-spawn monster count
 F = Spawn count percentage of total count
 G = Total turns spent on level
                    A         B        C        D         E        F      G
               +---------+---------+-------+---------+---------+-------+---------
         Total |       0 |   37811 |   0.0 |       0 |     396 |   0.0 | 14838
               +---------+---------+-------+---------+---------+-------+---------
           D:1 |       0 |      27 |   0.0 |       0 |      20 |   0.0 |   890
           D:2 |       0 |     241 |   0.0 |       0 |      22 |   0.0 |  1034
           D:3 |       0 |      52 |   0.0 |       0 |      20 |   0.0 |   938
           D:4 |       0 |      33 |   0.0 |       0 |      13 |   0.0 |   683
           D:5 |       0 |     973 |   0.0 |       0 |      39 |   0.0 |  1556
           D:6 |       0 |     904 |   0.0 |       0 |      19 |   0.0 |  1266
           D:7 |       0 |    1861 |   0.0 |       0 |      50 |   0.0 |  1580
           D:8 |       0 |    2170 |   0.0 |       0 |      38 |   0.0 |  1602
           D:9 |       0 |    3259 |   0.0 |       0 |      37 |   0.0 |   681
          D:10 |       0 |    4761 |   0.0 |       0 |      42 |   0.0 |  1264
          D:11 |       0 |    8550 |   0.0 |       0 |      39 |   0.0 |  1162
          D:12 |       0 |    9453 |   0.0 |       0 |      33 |   0.0 |  1241
          D:13 |       0 |    2246 |   0.0 |       0 |      14 |   0.0 |   673
         Orc:1 |       0 |    3281 |   0.0 |       0 |      10 |   0.0 |   234
               +---------+---------+-------+---------+---------+-------+---------

Vault maps used:
D:1:      minmay_arrival_glassed_features
D:2:      grunt_temple_overflow_forces_of_nature,
          nicolae_overflow_crystal_walls, nicolae_overflow_hidden_temple,
          minmay_misc_feat_plants, uniq_crazy_yiuf_cottage
D:3:      grunt_ministairs_15, st_stairs_8
D:4:      lemuel_temple_firewalk_b, first_bread
D:5:      cheibrodos_helix_gallery, serial_shops, kennysheep_mini,
          corexii_checkpoint_a, serial_bayou_crossing
D:6:      old_standard_altar, serial_shops, shop, nrook_pool_corridor,
          grunt_gozag_statues
D:7:      kennysheep_kobold_camp, serial_shops, nicolae_shop_crystal,
          nicolae_shop_statue_plus, nicolae_shop_statue_plus,
          kennysheep_little_box, shop, kennysheep_small_spiral, st_stairs_12,
          the_bakery
D:8:      okawaru_metal_pillars_3
D:9:      gammafunk_temple_overflow_arena, dpeg_oklobed_lair, basic_altar
D:10:     serial_shops, shop
D:11:     serial_undead, serial_undead_c, serial_undead_f, serial_undead_e,
          serial_undead_b, serial_shops, shop, shop, minmay_st_funbox
D:12:     minmay_orc_entry_guard_dogs, serial_shops, nicolae_shop_statue_plus,
          minmay_misc_feat_alley, uniq_harold
D:13:     nicolae_ashenzari_panopticon
Temple:   nicolae_temple_figure_eight
Orc:1:    serial_shops, nicolae_shop_overgrown_old_shop, basic_altar,
          trog_hazing_becter, uniq_erolcha, uniq_josephine, uniq_snorg

Table legend:
 A = Turns spent in this place as a percentage of turns spent in the entire game.
 B = Non-inter-level travel turns spent in this place as a percentage of non-inter-level travel turns spent in the entire game.
 C = Inter-level travel turns spent in this place as a percentage of turns spent in this place.
 D = Turns resting spent in this place as a percentage of non-inter-level travel turns spent in this place.
 E = Turns spent auto-exploring this place as a percentage of non-inter-level travel turns spent in this place.
 F = Non-inter-level travel turns spent in this place divided by the number of levels of this place that you've seen.
                   A       B       C       D       E      F
               +-------+-------+-------+-------+-------+----------------------
         Total | 100.0 | 100.0 |   3.6 |  28.7 |  53.7 | 953.6
       Dungeon |  98.2 |  98.2 |   3.6 |  28.2 |  54.5 | 1080.6
        Temple |   0.2 |   0.2 |  35.3 |   0.0 |  86.4 |  22.0
  Orcish Mines |   1.6 |   1.6 |   0.0 |  62.8 |   3.4 | 234.0
               +-------+-------+-------+-------+-------+----------------------

Table legend:
 A = Kills in this place as a percentage of kills in entire the game.
 B = Kills by you in this place as a percentage of kills by you in the entire game.
 C = Kills by friends in this place as a percentage of kills by friends in the entire game.
 D = Other kills in this place as a percentage of other kills in the entire game.
 E = Experience gained in this place as a percentage of experience gained in the entire game.
 F = Experience gained in this place divided by the number of levels of this place that you have seen.
                   A       B       C       D       E      F
               +-------+-------+-------+-------+-------+----------------------
         Total | 100.0 | 100.0 | 100.0 |   N/A | 100.0 | 2520.7
       Dungeon |  97.5 |  97.5 | 100.0 |   N/A |  91.3 | 2656.2
  Orcish Mines |   2.5 |   2.5 |   0.0 |   N/A |   8.7 | 3281.0
               +-------+-------+-------+-------+-------+----------------------
